 Dungeon Crawl Stone Soup version 0.31-a0-1074-g0b22e4e0f1 (webtiles) character file.

Game seed: 14177400140443502424

1912509 RepHenryClay the Iron Dragon (level 26, 197/197 (198) HPs)
             Began as a Grey Draconian Conjurer on Dec 2, 2023.
             Was the Champion of Vehumet.
             Escaped with the Orb
             ... and 4 runes on Dec 4, 2023!
             The game lasted 04:27:27 (98199 turns).

RepHenryClay the Iron Dragon (DrCj)                Turns: 98199, Time: 04:27:28

HP:   197/197 (198) AC: 28    Str: 18    XL:     26   Next: 82%
MP:   43/43         EV: 30    Int: 31    God:    Vehumet [******]
Gold: 5882          SH: 12    Dex: 21    Spells: 11/57 levels left

rFire   + + .        T - staff of the Saviour {Drain rPois Str+2 SInv Conj}
rCold   + . .        R - +0 buckler {rF+}
rNeg    + . .        (body armour unavailable)
rPois   +            M - +2 hat {Int+3}
rElec   .            P - scarf {rC+ rF+}
rCorr   +            E - +1 pair of gloves {Stlth+}
SInv    +            c - +2 pair of boots {Stlth+}
Will    +....        q - amulet of Obellyor {Reflect Int+3 SH+5}
Stlth   ++           B - ring "Omudut" {rN+ Str+3 Int+2 Dex+2}
HPRegen 0.52/turn    V - ring of Notho {rCorr AC+4 Str+3 Stlth+}
MPRegen 0.28/turn

%: reflection
@: studying Fire Magic, lightly drained
A: AC +17, amphibious, unfitting armour, cold-blooded, talons 1, agile 1,
deterioration 1, frail 1, screaming 1
0: Orb of Zot
}: 4/15 runes: barnacled, silver, abyssal, gossamer
a: Renounce Religion


You escaped.
You worshipped Vehumet.
Vehumet was exalted by your worship.
You visited 10 branches of the dungeon, and saw 48 of its levels.
You visited the Abyss 2 times.
You also visited: Trove and Bailey.

You collected 7476 gold pieces.
You spent 1594 gold pieces at shops.

Inventory:

Armour
 c - a +2 pair of boots of stealth (worn)
 f - the +1 hat of the Iron City of Dis {Fly rPois Will- Int+2}
   (You acquired it on level 14 of the Dungeon)

   Int+2:     It affects your intelligence (+2).
   rPois:     It protects you from poison Will-: It decreases your willpower.
   Fly:       It grants you flight.
 o - the +2 hood of the Assassin {Detect Stab+ Stlth++}
   (You found it on level 3 of the Depths)

   Detect:    It allows the wearer to sense nearby creatures.
   Stab+:     It allows the wearer to make particularly effective stabbing
   attacks against helpless or unaware enemies with any weapon.
   Stlth++:   It makes you much more stealthy.
 s - the crystal ball of Wucad Mu {*channel}
   (You took it off a deep elf death mage on level 3 of the Elven Halls)

   *Channel:  It often returns the magic spent to cast spells, but lowers their
   success rate.
   It always returns the magic spent on miscasts.
 y - a +2 cloak of willpower
 E - a +1 pair of gloves of stealth (worn)
 M - a +2 hat of intelligence (worn)
 P - a scarf of resistance (worn)
 R - a +0 buckler of fire resistance (worn)
 Y - the +2 cloak "Zyguil" {rF+ Int+2}
   (You found it on level 3 of the Elven Halls)

   Int+2:     It affects your intelligence (+2).
   rF+:       It protects you from fire.
Magical Staves
 w - the staff of Crystal {rC+ rN+ Ice}
   (You found it on level 4 of the Shoals)

   [staff of cold]

   Base accuracy: +5 Base damage: 5 Base attack delay: 1.2 This weapon's minimum
   attack delay (0.6) is reached at skill level 12.
   rC+:       It protects you from cold.
   rN+:       It protects you from negative energy.
   Ice:       It increases the power of your Ice spells.
   It falls into the 'Staves' category.
   It is a one-handed weapon.
 T - the staff of the Saviour (weapon) {Drain rPois Str+2 SInv Conj}
   (You acquired it on level 3 of the Lair of Beasts)

   [staff of conjuration]

   Base accuracy: +5 Base damage: 5 Base attack delay: 1.2 This weapon's minimum
   attack delay (0.6) is reached at skill level 12.
   Str+2:     It affects your strength (+2).
   rPois:     It protects you from poison SInv: It lets you see invisible.
   Drain:     It drains your maximum health when unequipped.
   Conj:      It increases the power of your Conjurations spells.
   It falls into the 'Staves' category.
   It is a one-handed weapon.
Jewellery
 h - an amulet of regeneration
 q - the amulet of Obellyor (around neck) {Reflect Int+3 SH+5}
   (You bought it in a shop on level 5 of the Dungeon)

   [amulet of reflection]

   Reflect:   It reflects blocked missile attacks.
   Int+3:     It affects your intelligence (+3).
   SH+5:      It affects your SH (+5).
 r - a ring of willpower
 t - a ring of protection from fire
 u - the ring "Boclegitz" {rC+ Dex+6}
   (You took it off a necromancer on level 5 of the Vaults)

   [ring of dexterity]

   Dex+6:     It affects your dexterity (+6).
   rC+:       It protects you from cold.
 A - the ring of Circularity {Fly rElec rPois Str+3 SInv}
   (You found it in a treasure trove)

   [ring of poison resistance]

   Str+3:     It affects your strength (+3).
   rElec:     It insulates you from electricity.
   rPois:     It protects you from poison SInv: It lets you see invisible.
   Fly:       It grants you flight.
 B - the ring "Omudut" (left hand) {rN+ Str+3 Int+2 Dex+2}
   (You found it in a treasure trove)

   [ring of positive energy]

   Str+3:     It affects your strength (+3).
   Int+2:     It affects your intelligence (+2).
   Dex+2:     It affects your dexterity (+2).
   rN+:       It protects you from negative energy.
 V - the ring of Notho (right hand) {rCorr AC+4 Str+3 Stlth+}
   (You found it on level 5 of the Lair of Beasts)

   [ring of protection]

   AC+4:      It affects your AC (+4).
   Str+3:     It affects your strength (+3).
   rCorr:     It protects you from acid and corrosion.
   Stlth+:    It makes you more stealthy.
Wands
 b - a wand of paralysis (43)
 v - a wand of digging (7)
 I - a wand of iceblast (37)
 K - a wand of quicksilver (35)
 S - a wand of mindburst (48)
Scrolls
 e - 12 scrolls of immolation
 g - 8 scrolls of enchant armour
 i - 4 scrolls of blinking
 k - 9 scrolls of enchant weapon
 l - 13 scrolls of teleportation
 x - 11 scrolls of amnesia
 C - 6 scrolls of fear
 F - 2 scrolls of brand weapon
 H - 5 scrolls of revelation
 L - 4 scrolls of torment
 O - 9 scrolls of fog
 Z - 43 scrolls of identify {@r1}
Potions
 a - 9 potions of curing
 d - 7 potions of haste
 j - 10 potions of heal wounds
 p - 14 potions of might
 z - 7 potions of enlightenment
 D - 3 potions of invisibility
 G - 7 potions of ambrosia
 J - 9 potions of lignification
 N - 8 potions of magic
 Q - 10 potions of mutation
 U - 4 potions of resistance
 W - 4 potions of cancellation
 X - 8 potions of brilliance
Miscellaneous
 m - a lightning rod (4/4)
 n - a sack of spiders


   Skills:
 - Level 15.0 Fighting
 - Level 12.0 Staves
 - Level 23.5 Dodging
 - Level 5.0 Stealth
 - Level 7.0 Shields
 - Level 16.0 Spellcasting
 + Level 23.2 Conjurations
 - Level 5.0 Translocations
 - Level 5.0 Ice Magic
 O Level 27 Earth Magic
 - Level 2.0 Poison Magic
 - Level 12.0 Evocations


You had 11 spell levels left.
You knew the following spells:

 Your Spells              Type           Power      Damage    Failure   Level
a - Bombard               Conj/Erth      67%        9d11      0%          6
b - Searing Ray           Conj           100%       2d8       0%          2
c - Iskenderun's Mystic   Conj/Tloc      100%       2d19      1%          4
d - Lee's Rapid Deconstr  Erth           56%        3d26*     0%          5
e - Mephitic Cloud        Conj/Pois/Air  86%        N/A       1%          3
f - Orb of Destruction    Conj           65%        9d15      1%          7
g - Iskenderun's Battles  Conj           100%       2d15      0%          5
i - Freezing Cloud        Conj/Ice/Air   45%        6-21      1%          5
j - Shatter               Erth           56%        3d42*     1%          9

Your spell library contained the following spells:

 Spells                   Type           Power      Damage    Failure   Level
 Polar Vortex             Ice            27%        12d3*     100%        9
 Foxfire                  Conj/Fire      100%       2x1d9     0%          1
 Kiss of Death            Conj/Necr      100%       2d13      0%          1
 Magic Dart               Conj           100%       1d8       0%          1
 Shock                    Conj/Air       100%       1d9       0%          1
 Hailstorm                Conj/Ice       100%       3d20      0%          3
 Brom's Barrelling Bould  Conj/Erth      100%       2d11      0%          4
 Freeze                   Ice            100%       1d10      1%          1
 Sting                    Tmut/Pois      100%       1d8       1%          1
 Ensorcelled Hibernation  Hex/Ice        80%        N/A       1%          2
 Lesser Beckoning         Tloc           100%       N/A       1%          2
 Static Discharge         Conj/Air       100%       3-8/arc   1%          2
 Dazzling Flash           Conj/Hex       100%       N/A       1%          3
 Frozen Ramparts          Ice            100%       1d16      1%          3
 Gell's Gravitas          Tloc           54%        N/A       1%          3
 Ignite Poison            Fire/Tmut/Pois 28%        N/A       1%          3
 Inner Flame              Hex/Fire       24%        N/A       1%          3
 Teleport Other           Tloc           54%        N/A       1%          3
 Volatile Blastmotes      Fire/Tloc      80%        2d16      1%          3
 Flame Wave               Conj/Fire      98%        2d20      1%          4
 Fulminant Prism          Conj/Hex       49%        3d21      1%          4
 Leda's Liquefaction      Hex/Erth       41%        N/A       1%          4
 Petrify                  Tmut/Erth      83%        N/A       1%          4
 Sticky Flame             Conj/Fire      98%        2d11      1%          4
 Arcjolt                  Conj/Air       49%        1d59      1%          5
 Borgnjor's Vile Clutch   Necr/Erth      41%        N/A       1%          5
 Fireball                 Conj/Fire      49%        3d19      1%          5
 Irradiate                Conj/Tmut      49%        3d28      1%          5
 Conjure Ball Lightning   Conj/Air       49%        3x3d17    1%          6
 Starburst                Conj/Fire      49%        6d13      1%          6
 Lehudib's Crystal Spear  Conj/Erth      67%        10d15     1%          8
 Slow                     Hex            96%        N/A       2%          1
 Summon Small Mammal      Summ           96%        N/A       2%          1
 Cigotuvi's Dreadful Rot  Necr/Pois/Air  56%        N/A       2%          2
 Manifold Assault         Tloc           54%        N/A       2%          4
 Olgreb's Toxic Radiance  Pois           37%        N/A       2%          4
 Passage of Golubria      Tloc           54%        N/A       2%          4
 Call Imp                 Summ           48%        N/A       3%          2
 Jinxbite                 Hex            48%        N/A       3%          2
 Sublimation of Blood     Necr           24%        N/A       3%          2
 Wereblood                Tmut           24%        N/A       3%          2
 Spellforged Servitor     Conj/Summ      49%        N/A       4%          7
 Call Canine Familiar     Summ           24%        N/A       6%          3
 Confusing Touch          Hex            24%        N/A       6%          3
 Sigil of Binding         Hex            24%        N/A       6%          3
 Summon Guardian Golem    Hex/Summ       24%        N/A       6%          3
 Tukima's Dance           Hex            24%        N/A       6%          3
 Vampiric Draining        Necr           24%        2d7       6%          3
 Airstrike                Air            12%        2d(2-18)  6%          4
 Dimensional Bullseye     Hex/Tloc       20%        N/A       8%          4
 Summon Ice Beast         Ice/Summ       40%        N/A       8%          4
 Vhi's Electric Charge    Tloc/Air       80%        N/A       8%          4
 Yara's Violent Unravell  Hex/Tmut       12%        3d7       16%         5
 Anguish                  Hex/Necr       12%        N/A       22%         4
 Animate Dead             Necr           24%        N/A       22%         4
 Cause Fear               Hex            12%        N/A       22%         4
 Dispel Undead            Necr           24%        3d12      22%         4
 Summon Lightning Spire   Summ/Air       24%        N/A       22%         4
 Metabolic Englaciation   Hex/Ice        20%        N/A       22%         5
 Summon Forest            Summ/Tloc      20%        N/A       22%         5
 Alistair's Intoxication  Tmut/Pois      20%        N/A       36%         5
 Dispersal                Tloc           27%        N/A       38%         6
 Eringya's Noxious Bog    Tmut/Pois      15%        4d6       45%         6
 Agony                    Necr           24%        N/A       52%         5
 Silence                  Hex/Air        12%        N/A       52%         5
 Summon Mana Viper        Hex/Summ       24%        N/A       52%         5
 Plasma Beam              Fire/Air       12%        2x1d23    58%         6
 Simulacrum               Ice/Necr       20%        N/A       75%         6
 Summon Cactus Giant      Summ           12%        N/A       97%         6
 Chain Lightning          Conj/Air       49%        3d65      98%         9
 Fire Storm               Conj/Fire      49%        8d12      98%         9
 Enfeeble                 Hex            12%        N/A       100%        7
 Monstrous Menagerie      Summ           12%        N/A       100%        7
 Summon Hydra             Summ           12%        N/A       100%        7
 Borgnjor's Revivificati  Necr           12%        N/A       100%        8
 Discord                  Hex            12%        N/A       100%        8
 Disjunction              Tloc           27%        N/A       100%        8
 Ignition                 Fire           12%        3d6       100%        8
 Maxwell's Capacitive Co  Air            12%        ∞         100%        8
 Animate Armour           Summ/Erth      Unusable   N/A       N/A         4

Dungeon Overview and Level Annotations

Branches:
Dungeon (15/15)            Temple (1/1) D:6            Lair (5/5) D:11
 Shoals (4/4) Lair:2       Spider (4/4) Lair:3        Slime (0/5) Lair:4
    Orc (2/2) D:12            Elf (3/3) Orc:2        Vaults (5/5) D:14
  Crypt (0/3) Vaults:3     Depths (4/4) D:15            Zot (5/5) Depths:4
 Bailey (visited)

Altars:
Ashenzari
Cheibriados
Dithmenos
Elyvilon
Fedhas
Gozag
Hepliaklqana
Kikubaaqudgha
Makhleb
Nemelex Xobeh
Okawaru
Qazlal
Ru
Sif Muna
Trog
Uskayaw
Vehumet
Wu Jian
Xom
Yredelemnul
Zin
The Shining One
Ignis
Jiyva

Shops:
D:4 *   D:5 (*((   D:8 *   Orc:1 (   Orc:2 ([!:**   Depths:4 =***[[

Portals:
Hell: Depths:1 Depths:2 Depths:3 Depths:4
Abyss: Depths:3 Depths:4
Pandemonium: Depths:1 Depths:2 Depths:3
Ziggurat: Depths:3

Annotations:
Elf:2 3 runed translucent doors
Vaults:3 Mennas
Vaults:4 18 runed doors


Innate Abilities, Weirdness & Mutations

Your dull iron-grey scales are very hard. (AC +17)
You are amphibious.
You cannot fit into any form of body armour.
You are cold-blooded and may be slowed by cold attacks.
You have sharp toenails.
You are agile. (Dex +4, Str/Int -1)
Your body sometimes deteriorates upon taking damage.
You are frail. (-10% HP)
You occasionally shout uncontrollably at your foes.


Message History

You climb upwards.
There is a stone staircase leading down here.
There is an entrance to Ziog's Assorted Antiques here.
You see here a +0 dagger.
There is a stone staircase leading up here.
You climb upwards.
There is a stone staircase leading down here.
There is a stone staircase leading up here.
You climb upwards.
There is a stone staircase leading down here.
You see here a +0 sling.
An Executioner and a large abomination come into view.
Casting: Shatter (dangerous; 1% risk of failure)
Confirm with . or Enter, or press ? or * to list all spells.
The dungeon rumbles!
The Executioner is heavily wounded.
The large abomination is heavily damaged.
Ka-crash!
Casting: Shatter (dangerous; 1% risk of failure)
Confirm with . or Enter, or press ? or * to list all spells.
The dungeon rumbles!
You kill the Executioner!
Vehumet accepts your kill.
You feel your power returning.
You destroy the large abomination!
Vehumet accepts your kill.
You feel your power returning.
Ka-crash!
What level of the Dungeon? (default 1, ? - help) HP restored.
There is a stone staircase leading up here.
You climb upwards.
There is a stone staircase leading down here.
There is a stone staircase leading up here.
You climb upwards.
There is a stone staircase leading down here.
Magic restored.
You enter the shallow water.
There is a staircase leading out of the dungeon here.
You have escaped!

#.....♣.............♣..........
#..♣♣♣~♣....PP.....♣~♣♣♣..##...
#.♣...♣~♣..PPPP...♣~♣...♣......
##♣.....♣~♣PPPPPPP♣~♣.....♣...#.
#.♣......♣~♣PPPPP♣~♣......♣##...
#.♣......P♣~♣PPP♣~♣P......♣##..#
#.♣.....PPP♣~♣♣♣~♣PP...)..♣#..##
#..♣...PPPPP♣~~~♣PPPP....♣#...#
#...♣..PPPPP♣~@~♣PPPPP..♣...#.##
#..♣....PPPP♣~~~♣PPPPP...♣#.....
#.♣......PP♣~♣♣♣~♣PPP.....♣.....
#.♣......P♣~♣PPP♣~♣P......♣.....
#.♣......♣~♣PPPPP♣~♣......♣.....
#.♣.....♣~♣PPPPPPP♣~♣.....♣.....
#..♣...♣~♣..PPPP...♣~♣...♣.....#
#...♣♣♣~♣....PP.....♣~♣♣♣......#
#......♣............)♣........>.


There were no monsters in sight!

Vanquished Creatures
  5 dread liches
  3 orbs of fire
  12 ancient liches
  A juggernaut (Depths:4)
  2 Killer Klowns (Zot:5)
  Saint Roka (Vaults:3)
  2 curse toes
  9 golden dragons
  A bone dragon (Abyss:4)
  Norris (Vaults:4)
  Arachne (Spider:4)
  A Tzitzimitl (Depths:3)
  7 electric golems
  2 hellephants (Depths:4)
  A walking crystal tome (Depths:3)
  20 tentacled monstrosities
  Mlioglotl (Shoals:3)
  The ghost of Lobster4 the Cryomancer, an adept MfIE of Nemelex Xobeh (Elf:3)
  2 liches
  Asterion (Vaults:3)
  7 titans
  A walking frostbound tome (Depths:2)
  25 Orb Guardians (Zot:5)
  4 deep elf blademasters (Elf:3)
  2 deep elf master archers (Elf:3)
  6 quicksilver dragons
  Polyphemus (Shoals:3)
  4 sphinxes
  11 death cobs
  2 Executioners
  5 tentacled starspawn
  A kraken (Shoals:2)
  6 tengu reavers
  17 storm dragons
  16 shadow dragons
  Roxanne (Shoals:2)
  6 draconian monks
  14 draconian knights
  7 fire giants
  A fire giant (shapeshifter) (D:14)
  6 frost giants
  2 iron dragons
  Ilsuiw (Shoals:3)
  3 emperor scorpions (Spider:4)
  17 vault wardens
  A balrug (D:8)
  6 deep elf sorcerers
  8 draconian scorchers (Zot:4)
  3 cacodemons (Elf:3)
  4 deep elf elementalists (Elf:3)
  An angel (Abyss:4)
  12 draconian shifters
  9 draconian stormcallers
  The ghost of Puvueto the Severer, a journeyman NaDe of Okawaru (Lair:4)
  8 ghost moths
  6 draconian annihilators
  2 spriggan defenders
  An orc warlord (Vaults:1)
  A juggernaut zombie (Depths:2)
  13 stone giants
  A broodmother (shapeshifter) (D:15)
  22 very ugly things
  3 formless jellyfish
  5 war gargoyles (Vaults:5)
  20 ironbound preservers
  A broodmother (Spider:1)
  7 ironbound thunderhulks
  8 red draconians
  7 deep elf demonologists
  16 black draconians
  8 deep elf annihilators
  A lorocyproca (Zot:3)
  14 white draconians
  4 dire elephants
  11 green draconians
  5 vampire knights
  5 yellow draconians
  11 purple draconians
  10 spark wasps
  8 deep elf death magi
  6 merfolk impalers
  A green death (Depths:3)
  11 ettins
  2 crystal guardians (Vaults:4)
  A shambling mangrove (Abyss:4)
  16 yaktaur captains
  5 fire dragons
  Josephine (Spider:1)
  5 deep elf high priests
  7 merfolk javelineers
  9 entropy weavers
  8 great orbs of eyes
  4 rakshasas
  8 ice dragons
  2 spriggan air magi
  12 hydras
  A hell beast (D:7)
  2 merfolk avatars
  A peacekeeper (Vaults:4)
  2 jorogumos (Spider:4)
  3 ogre magi
  29 vault guards
  An alligator (shapeshifter) (Depths:1)
  17 centaur warriors
  8 ironbound frosthearts
  Erica (D:10)
  4 radroaches
  The ghost of bakla the Skirmisher, a journeyman TeHu of Okawaru (Lair:1)
  5 catoblepae
  5 tengu warriors
  13 hell hogs
  2 orc high priests
  4 merfolk aquamancers (Shoals:4)
  13 boulder beetles
  4 satyrs (Shoals:4)
  2 two-headed ogres
  8 deep troll earth magi
  16 deep troll shamans
  A thrashing horror (Abyss:3)
  25 death yaks
  10 demonic crawlers
  3 vampire magi
  15 dancing weapons
  2 occultists
  9 deep elf knights
  4 sun demons (D:8)
  8 spriggan berserkers
  Nergalle (D:11)
  13 hell knights
  8 shadow wraiths
  5 wretched stars
  A sun moth (Spider:2)
  4 fire crabs
  10 skysharks
  2 pharaoh ants
  18 iron trolls
  A soul eater (Depths:3)
  2 glowing orange brains
  A skeletal warrior (D:15)
  65 deep trolls
  2 golden dragon zombies (Depths:2)
  A glowing orange brain (shapeshifter) (Vaults:5)
  4 shadow demons
  8 orb spiders (Spider:4)
  6 arcanists
  16 sea snakes
  A flayed ghost (D:15)
  A harpy (shapeshifter) (Elf:3)
  8 orc knights
  8 steelbarb worms
  A lindwurm (shapeshifter) (D:15)
  10 large abominations
  24 deep elf zephyrmancers
  An obsidian statue (Zot:5)
  An orange crystal statue (Elf:2)
  28 deep elf pyromancers
  2 phantasmal warriors (Vaults:5)
  A stone giant zombie (Depths:2)
  8 necromancers
  9 lindwurms
  12 deep elf archers
  22 harpies
  A mana viper (shapeshifter) (D:15)
  13 wolf spiders
  12 starcursed masses
  A steelbarb worm (shapeshifter) (Vaults:5)
  15 ironbound convokers
  A shining eye (shapeshifter) (D:15)
  A salamander (shapeshifter) (Vaults:5)
  A frost giant zombie (Vaults:4)
  39 ugly things
  3 orc sorcerers
  17 manticores
  18 moths of wrath
  A will-o-the-wisp (Abyss:3)
  2 tengu skeletons (Depths:2)
  8 cyclopes
  9 elephants
  15 merfolk sirens
  A cyclops (shapeshifter) (Elf:1)
  13 fauns
  5 black mambas
  2 apocalypse crabs (Abyss:4)
  7 water nymphs
  2 guardian serpents (shapeshifter)
  3 smoke demons (Abyss:3)
  An eye of devastation (shapeshifter) (Elf:3)
  2 fire giant skeletons (Depths:1)
  A stone giant skeleton (Depths:1)
  A spriggan zombie (Depths:1)
  A torpor snail (shapeshifter) (Vaults:5)
  16 vault sentinels
  2 orange demons
  A molten gargoyle (D:14)
  10 torpor snails
  A hellion (D:7)
  7 cane toads
  7 rime drakes
  3 freezing wraiths
  2 kobold demonologists
  A komodo dragon (shapeshifter) (D:15)
  Maggie (Lair:1)
  6 tengu conjurers
  An efreet (D:15)
  7 komodo dragons
  39 yaktaurs
  A spark wasp simulacrum (Depths:2)
  An ancient zyme (Abyss:3)
  3 red devils (Orc:2)
  7 trolls
  A spriggan skeleton (Depths:2)
  36 merfolk
  11 meliai
  A merfolk (shapeshifter) (Vaults:5)
  The ghost of RabbitInGlasses the Chiller, an amateur DrIE (D:4)
  A meliai (shapeshifter) (D:14)
  A queen bee (D:14)
  2 trolls (shapeshifter)
  3 polar bears
  A raiju (Abyss:3)
  8 wind drakes
  3 wind drakes (shapeshifter)
  13 hornets
  9 snapping turtles
  24 tarantellas
  16 blink frogs
  A glass eye (shapeshifter) (Vaults:4)
  2 glass eyes
  13 dream sheep
  A culicivora (shapeshifter) (D:15)
  A snapping turtle (shapeshifter) (Vaults:5)
  25 jumping spiders
  30 water elementals
  3 air elementals
  49 slime creatures
  5 shadows
  23 culicivoras
  A hog (shapeshifter) (D:15)
  10 spriggans
  A ynoxinul (Abyss:3)
  4 wraiths
  16 wyverns
  9 basilisks
  2 fire bats (Shoals:1)
  52 yaks
  A vampire (Abyss:3)
  A golden eye (Abyss:3)
  6 fire elementals
  A chaos spawn (Abyss:4)
  A neqoxec (Abyss:3)
  A basilisk (shapeshifter) (D:15)
  3 golden eyes (shapeshifter)
  A yaktaur simulacrum (Vaults:4)
  11 vampire mosquitoes
  40 redbacks
  6 small abominations
  A harpy simulacrum (D:15)
  3 wargs (D:11)
  An acid dragon (D:13)
  A glowing shapeshifter zombie (Vaults:4)
  A hell hound (Lair:4)
  An ice beast (Abyss:4)
  47 orc warriors
  14 water moccasins
  A sky beast (D:7)
  A spriggan simulacrum (Depths:1)
  3 black bears
  10 ogres
  A boggart (shapeshifter) (Elf:3)
  A boggart (Lair:5)
  23 wolves
  39 centaurs
  A phantom (D:5)
  2 elf zombies (Elf:1)
  A bullfrog (shapeshifter) (Elf:3)
  13 bullfrogs
  A kobold brigand (D:7)
  3 gnoll sergeants
  A human simulacrum (Depths:2)
  An earth elemental (Elf:3)
  19 killer bees
  4 howler monkeys
  4 lava snakes
  A jelly (shapeshifter) (Elf:3)
  5 hounds
  4 jellies
  16 orc priests
  2 gnoll boudas
  A sleepcap (D:6)
  Ijyb (D:3)
  Jessica (D:3)
  Terence (D:3)
  8 iguanas
  Natasha (thrice) (D:3)
  9 orc wizards
  16 hell rats
  A lightning spire (Zot:3)
  Robin (D:3)
  27 gnolls
  An adder (shapeshifter) (Elf:3)
  8 adders
  2 shadow imps
  3 white imps
  2 ufetubi (D:5)
  2 worms
  2 dart slugs
  76 orcs
  4 bats
  8 endoplasms
  3 giant cockroaches
  12 goblins
  8 hobgoblins
  5 quokkas
  8 ball pythons
  4 frilled lizards
  9 kobolds
  4 rats
  A lurking horror (Abyss:3)
  2 starspawn tentacles (Abyss:3)
  2 tentacles (Shoals:2)
2329 creatures vanquished.

Vanquished Creatures (collateral kills)
  A tarantella (Spider:4)
1 creature vanquished.

Vanquished Creatures (others)
  A ghost moth (Spider:4)
  A white draconian (Zot:5)
  A deep troll shaman (Depths:2)
  A jumping spider (Spider:4)
  A centaur (D:15)
  A quokka (D:11)
  2 foxfires (Abyss:3)
  5 starspawn tentacles
  4 tentacles (Shoals:2)
17 creatures vanquished.

Grand Total: 2347 creatures vanquished

Notes
Turn   | Place    | Note
-------+----------+-------------------------------------------
     0 | D:1      | RepHenryClay the Draconian Conjurer began the quest for the
                  | Orb.
     0 | D:1      | Reached XP level 1. HP: 14/14 MP: 3/3
    90 | D:1      | Reached XP level 2. HP: 12/20 MP: 1/5
   418 | D:1      | Learned a level 2 spell: Searing Ray
   623 | D:2      | Reached skill level 5 in Conjurations
   629 | D:2      | You fall into a shaft and drop 1 floor!
   643 | D:3      | Reached XP level 3. HP: 26/26 MP: 3/6
   692 | D:3      | Noticed Ijyb
   758 | D:4      | Found Totixkot's General Store.
   766 | D:4      | Bought a scroll of teleportation for 33 gold pieces
   822 | D:4      | Bought a scroll of identify for 22 gold pieces
   860 | D:4      | Reached XP level 4. HP: 33/33 MP: 1/7
  1032 | D:4      | Found a runed translucent door.
  1040 | D:4      | Noticed RabbitInGlasses's ghost (amateur DrIE)
  1183 | D:4      | Reached XP level 5. HP: 35/38 MP: 5/8
  1992 | D:3      | Noticed Natasha
  1996 | D:3      | Killed Natasha
  1997 | D:3      | Reached XP level 6. HP: 41/45 MP: 6/9
  2003 | D:3      | Paralysed by Ijyb for 2 turns
  2011 | D:3      | Paralysed by Ijyb for 5 turns
  2017 | D:3      | Killed Ijyb
  2078 | D:3      | Noticed Jessica
  2086 | D:3      | Killed Jessica
  2104 | D:3      | Noticed Robin
  2113 | D:3      | Killed Robin
  2179 | D:3      | Noticed Terence
  2186 | D:3      | Killed Terence
  2279 | D:3      | Noticed Natasha
  2284 | D:3      | Killed Natasha
  2366 | D:3      | Noticed Natasha
  2378 | D:3      | Killed Natasha
  2635 | D:3      | Your scales start taking on a dull iron-grey colour.
  2635 | D:3      | Reached XP level 7. HP: 50/50 MP: 6/10
  2868 | D:2      | Found a snail-covered altar of Cheibriados.
  3370 | D:5      | Entered Level 5 of the Dungeon
  3370 | D:5      | Found Ziog's Assorted Antiques.
  3496 | D:4      | Learned a level 4 spell: Iskenderun's Mystic Blast
  3607 | D:5      | Reached skill level 1 in Translocations
  3615 | D:5      | Found Qojunt's Weapon Boutique.
  3834 | D:5      | Found Afipler's Weapon Emporium.
  3862 | D:5      | Found Bihunkes's Antique Weapon Shoppe.
  4070 | D:6      | Found a staircase to the Ecumenical Temple.
  4083 | Temple   | Entered the Ecumenical Temple
  4111 | D:6      | Reached XP level 8. HP: 47/57 MP: 11/11
  4181 | D:6      | Found a snail-covered altar of Cheibriados.
  4181 | D:6      | Found a white marble altar of Elyvilon.
  4181 | D:6      | Found a shimmering blue altar of Sif Muna.
  4181 | D:6      | Found a burning altar of Makhleb.
  4181 | D:6      | Found an iron altar of Okawaru.
  4181 | D:6      | Found a shadowy altar of Dithmenos.
  4181 | D:6      | Found a hazy altar of Hepliaklqana.
  4181 | D:6      | Found a radiant altar of Vehumet.
  4181 | D:6      | Found a sacrificial altar of Ru.
  4181 | D:6      | Found a glowing silver altar of Zin.
  4186 | D:6      | Became a worshipper of Vehumet
  4538 | D:6      | Identified the +2 ring mail of Cloud Cover {Str+3}
  4644 | D:5      | Bought a slimy trident for 187 gold pieces
  4644 | D:5      | Identified the +1 trident of Issunk {flame, rPois Str-2
                  | Int+7} (You bought it in a shop on level 5 of the Dungeon)
  4847 | D:6      | Identified the +0 tower shield "Jinad" {Harm rC+}
  4924 | D:6      | Reached skill level 5 in Dodging
  4930 | D:6      | Reached XP level 9. HP: 40/62 MP: 3/15
  5648 | D:7      | Reached skill level 5 in Spellcasting
  5728 | D:7      | Reached skill level 5 in Translocations
  6118 | D:8      | Found Dema's Demolitions Depot.
  6124 | D:8      | Reached * piety under Vehumet
  6124 | D:8      | Offered knowledge of Sandblast by Vehumet.
  6230 | D:8      | Found a flagged portal.
  6239 | Bailey   | Entered a bailey
  6975 | Bailey   | Reached XP level 10. HP: 47/69 MP: 9/17
  7326 | Bailey   | Offered knowledge of Poisonous Vapours by Vehumet.
  8297 | D:9      | Reached ** piety under Vehumet
  8298 | D:9      | Reached skill level 10 in Dodging
  8501 | D:9      | Noticed a skeletal warrior
  8693 | D:9      | Noticed a skeletal warrior
  8868 | D:10     | Entered Level 10 of the Dungeon
  8989 | D:10     | Noticed Erica
  9276 | D:5      | Bought a scorched pewter amulet for 145 gold pieces
  9276 | D:5      | Identified the amulet of Obellyor {Reflect Int+3 SH+5} (You
                  | bought it in a shop on level 5 of the Dungeon)
  9574 | D:9      | Reached skill level 10 in Conjurations
  9983 | D:10     | Offered knowledge of Momentum Strike by Vehumet.
 10035 | D:10     | Noticed a two-headed ogre
 10047 | D:10     | Killed a two-headed ogre
 10048 | D:10     | Reached skill level 5 in Stealth
 10498 | D:10     | Reached XP level 11. HP: 53/74 MP: 18/18
 10723 | D:11     | Noticed a boulder beetle
 10746 | D:11     | Killed a boulder beetle
 10825 | D:11     | Found a white marble altar of Elyvilon.
 10910 | D:11     | Learned a level 5 spell: Lee's Rapid Deconstruction
 10935 | D:11     | Reached *** piety under Vehumet
 10936 | D:11     | Reached skill level 1 in Earth Magic
 11106 | D:11     | Found a staircase to the Lair.
 11131 | D:11     | Reached skill level 3 in Earth Magic
 11303 | D:11     | Reached skill level 4 in Earth Magic
 12044 | D:12     | Reached skill level 5 in Earth Magic
 12137 | D:12     | Found a staircase to the Orcish Mines.
 12336 | D:12     | Noticed a two-headed ogre
 12366 | D:12     | Killed a two-headed ogre
 12367 | D:12     | Reached skill level 6 in Earth Magic
 12582 | D:12     | Reached skill level 7 in Earth Magic
 12885 | D:12     | Reached skill level 8 in Earth Magic
 13229 | D:12     | Offered knowledge of Mephitic Cloud by Vehumet.
 13256 | D:11     | Learned a level 3 spell: Mephitic Cloud
 13420 | D:12     | Found a staircase to the Orcish Mines.
 13764 | Orc:1    | Entered Level 1 of the Orcish Mines
 13852 | Orc:1    | Noticed an orc sorcerer
 13862 | Orc:1    | Found Fumiot's Weapon Boutique.
 13895 | Orc:1    | Killed an orc sorcerer
 14165 | Orc:1    | Noticed an orc knight
 14233 | Orc:1    | Killed an orc knight
 14538 | Orc:1    | Noticed an orc knight
 14563 | Orc:1    | Reached **** piety under Vehumet
 14572 | Orc:1    | Killed an orc knight
 14573 | Orc:1    | Reached skill level 5 in Shields
 14573 | Orc:1    | Reached XP level 12. HP: 81/81 MP: 10/19
 14654 | Orc:1    | Noticed an orc high priest
 14768 | Orc:1    | Offered knowledge of Yara's Violent Unravelling by Vehumet.
 14770 | Orc:1    | Killed an orc high priest
 15829 | Orc:1    | Found Fumiot's Weapon Boutique.
 16310 | D:8      | Bought a book of Power for 504 gold pieces
 16321 | D:8      | Learned a level 5 spell: Iskenderun's Battlesphere
 16386 | Lair:1   | Entered Level 1 of the Lair of Beasts
 16502 | Lair:1   | Noticed Nergalle
 16583 | Lair:1   | Noticed Maggie
 16655 | D:11     | Killed Nergalle
 16695 | Lair:1   | Killed Maggie
 16698 | Lair:1   | Found a runed translucent gate.
 16724 | Lair:1   | Found a runed translucent gate.
 16725 | Lair:1   | Found a runed translucent gate.
 16726 | Lair:1   | Noticed bakla's ghost (journeyman TeHu)
 16726 | Lair:1   | Noticed a great orb of eyes
 16728 | Lair:1   | Found a viscous altar of Jiyva.
 16924 | Lair:1   | Noticed a death yak
 17206 | Lair:1   | Killed a death yak
 17410 | Lair:1   | Found a runed translucent gate.
 17410 | Lair:1   | Found a runed translucent gate.
 17410 | Lair:1   | Found a runed translucent gate.
 17411 | Lair:1   | Found a viscous altar of Jiyva.
 18204 | Lair:2   | Noticed a death yak
 18205 | Lair:2   | Noticed a death yak
 18228 | Lair:1   | Killed a death yak
 18276 | Lair:2   | Noticed a death yak
 18282 | Lair:2   | Noticed a death yak
 18299 | Lair:1   | Killed a death yak
 18451 | Lair:1   | Killed a death yak
 18515 | Lair:2   | Noticed a four-headed hydra
 18530 | Lair:2   | Killed a four-headed hydra
 18543 | Lair:1   | Killed a death yak
 18654 | Lair:2   | Reached XP level 13. HP: 81/86 MP: 15/21
 18737 | Lair:2   | Reached ***** piety under Vehumet
 18737 | Lair:2   | Offered knowledge of Fireball by Vehumet.
 19186 | Lair:2   | Found a staircase to the Shoals.
 19473 | Lair:3   | Learned a level 6 spell: Bombard
 19689 | Lair:3   | Reached skill level 9 in Earth Magic
 19700 | Lair:3   | Reached skill level 10 in Earth Magic
 19710 | Lair:3   | Reached skill level 11 in Earth Magic
 19873 | Lair:3   | Found a hole to the Spider Nest.
 19874 | Lair:3   | Identified a scroll of acquirement
 19920 | Lair:3   | Acquired the staff of the Saviour {Drain rPois Str+2 SInv
                  | Conj}
 19969 | Lair:3   | Reached skill level 12 in Earth Magic
 20688 | Lair:3   | Reached skill level 1 in Fighting
 20816 | Lair:3   | Found a runed translucent door.
 21265 | Lair:4   | Found a staircase to the Slime Pits.
 21265 | Lair:4   | Found a viscous altar of Jiyva.
 21374 | Lair:4   | Offered knowledge of Conjure Ball Lightning by Vehumet.
 21387 | Lair:4   | Reached skill level 1 in Poison Magic
 21403 | Lair:4   | Reached XP level 14. HP: 36/99 MP: 26/26
 21753 | Lair:4   | Found a runed translucent door.
 22743 | Lair:4   | Reached skill level 13 in Earth Magic
 23194 | Lair:5   | Entered Level 5 of the Lair of Beasts
 23744 | Lair:5   | Got Xanas's Compendium of Intoxicating Arson
 23891 | Lair:5   | Found a runed translucent door.
 23893 | Lair:5   | Noticed Puvueto's ghost (journeyman NaDe)
 23894 | Lair:5   | Identified the +5 spear of the Endless Expanse {drain,
                  | Int+5}
 24825 | Lair:5   | Reached skill level 5 in Fighting
 24836 | Lair:5   | Identified the ring of Notho {rCorr AC+4 Str+3 Stlth+}
 24850 | Lair:5   | Got the Grimoire of Sparks
 25171 | Lair:4   | Killed Puvueto's ghost
 25412 | Lair:4   | Reached XP level 15. HP: 109/110 MP: 20/28
 26191 | Orc:2    | Entered Level 2 of the Orcish Mines
 26592 | Orc:2    | Found a staircase to the Elven Halls.
 26806 | Orc:2    | Reached ****** piety under Vehumet
 26962 | Orc:2    | Offered knowledge of Orb of Destruction by Vehumet.
 27020 | Orc:2    | Found Vepseck's Distillery.
 27020 | Orc:2    | Found Bangyarot's Armour Shoppe.
 27020 | Orc:2    | Found Examil's Weapon Emporium.
 27023 | Orc:2    | Found Maryn's Book Shop.
 27027 | Orc:2    | Bought a potion of degeneration for 12 gold pieces
 27027 | Orc:2    | Bought a potion of mutation for 96 gold pieces
 27027 | Orc:2    | Bought a potion of invisibility for 96 gold pieces
 27027 | Orc:2    | Bought a potion of brilliance for 48 gold pieces
 27234 | Orc:2    | Found Zauravop's General Store.
 27236 | Orc:2    | Found Omai's Specific Store.
 27243 | Orc:2    | Bought a scroll of teleportation for 42 gold pieces
 27334 | D:13     | Learned a level 7 spell: Orb of Destruction
 28004 | D:13     | Reached skill level 10 in Spellcasting
 28578 | D:14     | Found a portal to a secret trove of treasure.
 28851 | D:14     | HP: 1/114 [white ugly thing (31)]
 29256 | D:14     | Offered knowledge of Plasma Beam by Vehumet.
 29421 | D:14     | Noticed a shadow dragon
 29422 | D:14     | a shadow dragon changed into a fire giant
 29422 | D:14     | Noticed a fire giant (glowing shapeshifter)
 29426 | D:14     | Killed a fire giant
 29859 | D:14     | Acquired the +1 hat of the Iron City of Dis {Fly rPois
                  | Will- Int+2}
 29885 | D:14     | Found a gate to the Vaults.
 30085 | D:15     | Entered Level 15 of the Dungeon
 30617 | D:15     | Found a snail-covered altar of Cheibriados.
 30618 | D:15     | Found an opulent altar of Gozag.
 30619 | D:15     | Found a glowing silver altar of Zin.
 30722 | D:15     | Reached skill level 15 in Conjurations
 30789 | D:15     | Reached skill level 14 in Earth Magic
 30829 | D:15     | Offered knowledge of Irradiate by Vehumet.
 30913 | D:15     | Found a staircase to the Depths.
 31032 | D:15     | Reached XP level 16. HP: 121/121 MP: 18/32
 32409 | D:15     | Identified the +1 falchion of the Ghost {speed, Will+
                  | Dex+2}
 32415 | D:15     | Offered knowledge of Freezing Cloud by Vehumet.
 32438 | D:15     | Learned a level 5 spell: Freezing Cloud
 32486 | D:15     | Reached skill level 1 in Ice Magic
 32543 | D:15     | Identified the +11 quarterstaff "Kahyg" {venom, *Corrode
                  | rC+ Int+3}
 32546 | D:15     | Noticed a tengu reaver
 32560 | D:15     | Killed a tengu reaver
 33007 | D:15     | Identified the +7 sling of Light {flame, rElec rN+ SInv}
 33293 | Spider:1 | Entered Level 1 of the Spider Nest
 33456 | Spider:1 | Reached skill level 5 in Ice Magic
 33919 | Spider:1 | Noticed Josephine
 33927 | Spider:1 | Killed Josephine
 34121 | Spider:1 | Reached skill level 15 in Dodging
 34839 | Spider:1 | Acquired the ring of Joy {rPois MP-9 Int+6 Dex+3}
 35147 | Spider:2 | Identified the dragon-blood talisman of Ethics {rElec
                  | Will+}
 35329 | Spider:2 | You fall into a shaft and drop 1 floor!
 35688 | Spider:2 | Reached skill level 1 in Staves
 35688 | Spider:2 | Reached skill level 1 in Evocations
 35690 | Spider:2 | Offered knowledge of Lehudib's Crystal Spear by Vehumet.
 35697 | Spider:2 | Reached XP level 17. HP: 119/126 MP: 11/33
 37941 | Spider:4 | Entered Level 4 of the Spider Nest
 38289 | Spider:4 | Reached skill level 5 in Staves
 38289 | Spider:4 | Reached skill level 5 in Evocations
 38343 | Spider:4 | Noticed Arachne
 38357 | Spider:4 | Killed Arachne
 39334 | Spider:4 | Offered knowledge of Shatter by Vehumet.
 39334 | Spider:4 | Offered knowledge of Chain Lightning by Vehumet.
 39334 | Spider:4 | Offered knowledge of Polar Vortex by Vehumet.
 39717 | Spider:4 | Got a gossamer rune of Zot
 39959 | Spider:4 | Reached skill level 15 in Earth Magic
 40612 | Spider:4 | Found the +3 Mad Mage's Maulers {Infuse+∞ VampMP -Cast}
 40884 | Spider:4 | Identified the +2 pair of gloves "Kykh" {Rampage}
 41145 | Shoals:1 | Entered Level 1 of the Shoals
 41798 | Shoals:1 | Reached XP level 18. HP: 132/134 MP: 20/35
 42947 | Lair:1   | Killed bakla's ghost
 42975 | Lair:1   | Identified the -1 pair of boots "Utaeqosch" {Rampage rN+
                  | Stlth+}
 43091 | Shoals:2 | Noticed Roxanne
 43926 | Shoals:2 | Reached skill level 15 in Spellcasting
 44749 | Shoals:2 | Killed Roxanne
 45015 | Shoals:3 | Reached skill level 16 in Earth Magic
 45216 | Shoals:3 | Noticed Mlioglotl
 45225 | Shoals:3 | Killed Mlioglotl
 45234 | Shoals:3 | Noticed Polyphemus
 45428 | Shoals:3 | Killed Polyphemus
 45829 | Shoals:3 | Noticed Ilsuiw
 45838 | Shoals:3 | Killed Ilsuiw
 46574 | Shoals:4 | Entered Level 4 of the Shoals
 47121 | Shoals:4 | Got a barnacled rune of Zot
 47134 | Shoals:4 | Reached skill level 17 in Earth Magic
 48655 | Shoals:3 | Learned a level 9 spell: Shatter
 49038 | Shoals:4 | Identified the staff of Crystal {rC+ rN+ Ice}
 49286 | Shoals:4 | Identified the +8 hand axe of Calculation {pain, Fly rC++
                  | SInv}
 49669 | Shoals:4 | Reached XP level 19. HP: 129/139 MP: 23/38
 50016 | Vaults:1 | Entered Level 1 of the Vaults
 50073 | Vaults:1 | Reached skill level 18 in Earth Magic
 50847 | Vaults:1 | Reached skill level 19 in Earth Magic
 51934 | Vaults:2 | You fall into a shaft and drop 2 floors!
 52462 | Vaults:3 | Reached skill level 20 in Earth Magic
 52554 | Vaults:2 | Paralysed by a formless jellyfish for 1 turns
 53078 | Vaults:2 | Reached skill level 21 in Earth Magic
 55106 | Vaults:3 | Noticed Asterion
 55111 | Vaults:3 | Reached skill level 22 in Earth Magic
 55112 | Vaults:3 | Killed Asterion
 55491 | Vaults:3 | Reached XP level 20. HP: 122/147 MP: 15/39
 55694 | Vaults:3 | Noticed Mennas
 55694 | Vaults:3 | Found an ancient bone altar of Kikubaaqudgha.
 55694 | Vaults:3 | Found a staircase to the Crypt.
 55694 | Vaults:3 | Found a basalt altar of Yredelemnul.
 56021 | Lair:3   | Found a runed translucent gate.
 56022 | Lair:3   | Identified the +5 whip of Autumn {holy, *Noise MP-9 Int+2
                  | Dex+9}
 56023 | Lair:3   | Found a runed translucent gate.
 56025 | Lair:3   | Found a large runed translucent door.
 56025 | Lair:3   | Found a large runed translucent door.
 56025 | Lair:3   | Found a large runed translucent door.
 57045 | D:10     | Killed Erica
 57203 | D:4      | Killed RabbitInGlasses's ghost
 57605 | Vaults:4 | Found a huge runed gate.
 57605 | Vaults:4 | Found a huge runed gate.
 57605 | Vaults:4 | Found a huge runed gate.
 57605 | Vaults:4 | Found a huge runed gate.
 57605 | Vaults:4 | Found a huge runed gate.
 57605 | Vaults:4 | Found a huge runed gate.
 57605 | Vaults:4 | Found a huge runed gate.
 57606 | Vaults:4 | Found a huge runed gate.
 57606 | Vaults:4 | Found a huge runed gate.
 57606 | Vaults:4 | Found a huge runed gate.
 57607 | Vaults:4 | Noticed an ancient lich
 57608 | Vaults:4 | Noticed a golden dragon
 57807 | Vaults:3 | Noticed Saint Roka
 57830 | Vaults:3 | Killed Saint Roka
 57831 | Vaults:3 | Reached skill level 23 in Earth Magic
 58648 | Vaults:4 | Noticed Norris
 58976 | Vaults:4 | Killed Norris
 59311 | Vaults:4 | Reached skill level 24 in Earth Magic
 60098 | Vaults:4 | Found a huge runed gate.
 60098 | Vaults:4 | Found a huge runed gate.
 60098 | Vaults:4 | Found a huge runed gate.
 60098 | Vaults:4 | Found a huge runed gate.
 60098 | Vaults:4 | Found a huge runed gate.
 60099 | Vaults:4 | Found a huge runed gate.
 60100 | Vaults:4 | Found a huge runed gate.
 60101 | Vaults:4 | Found a huge runed gate.
 60101 | Vaults:4 | Found a huge runed gate.
 60101 | Vaults:4 | Found a huge runed gate.
 60102 | Vaults:4 | Found a huge runed gate.
 60110 | Vaults:4 | Found a huge runed gate.
 60110 | Vaults:4 | Found the +1 cloak of Starlight {*Dazzle EV+4 Stlth--}
 60357 | Vaults:4 | Found a huge runed gate.
 60357 | Vaults:4 | Found a huge runed gate.
 60358 | Vaults:4 | Found a huge runed gate.
 60359 | Vaults:4 | Found a huge runed gate.
 60361 | Vaults:4 | Found a huge runed gate.
 60379 | Vaults:4 | Found a huge runed gate.
 60569 | Vaults:4 | Killed an ancient lich
 60777 | Vaults:4 | Reached skill level 25 in Earth Magic
 61238 | Vaults:4 | Killed a golden dragon
 61321 | Vaults:4 | Found a huge runed gate.
 61321 | Vaults:4 | Found a huge runed gate.
 61321 | Vaults:4 | Found a huge runed gate.
 61321 | Vaults:4 | Found a huge runed gate.
 61608 | Vaults:4 | Found a huge runed gate.
 61608 | Vaults:4 | Found a huge runed gate.
 61609 | Vaults:4 | Found a huge runed gate.
 61610 | Vaults:4 | Found a huge runed gate.
 62153 | Elf:1    | Entered Level 1 of the Elven Halls
 62345 | Elf:1    | Paralysed by an air elemental for 1 turns
 62632 | Elf:1    | Got the Tome of the Mausoleum
 62780 | Elf:1    | Reached skill level 26 in Earth Magic
 63085 | Elf:1    | Reached XP level 21. HP: 152/152 MP: 38/40
 64286 | Elf:2    | Found a runed translucent gate.
 64286 | Elf:2    | Found a runed translucent gate.
 64287 | Elf:2    | Found a runed translucent gate.
 64782 | Elf:3    | Entered Level 3 of the Elven Halls
 64866 | Elf:3    | Reached skill level 27 in Earth Magic
 64893 | Elf:3    | Paralysed by an air elemental for 1 turns
 65305 | Elf:3    | Found a runed translucent gate.
 65305 | Elf:3    | Found a runed translucent gate.
 65305 | Elf:3    | Found a runed translucent gate.
 65539 | Elf:3    | Identified the +9 dagger of Cuepok {heavy, Will+ MP+9
                  | Dex+5}
 65811 | Elf:3    | Gained mutation: You are clumsy. (Dex -2) [a cacodemon]
 65814 | Elf:3    | Gained mutation: You have a somewhat thin skeletal
                  | structure. (Dex +2, Stealth+) [a cacodemon]
 65902 | Elf:3    | Gained mutation: You sometimes lose your temper in combat.
                  | [a cacodemon]
 65956 | Elf:3    | Identified the +5 sling of the Shining Light {heavy, rPois
                  | rF+ rCorr}
 66133 | Elf:3    | Noticed Lobster4's ghost (adept MfIE)
 66142 | Elf:3    | Killed Lobster4's ghost
 66484 | Elf:3    | Found a runed translucent gate.
 66484 | Elf:3    | Found a runed translucent gate.
 66484 | Elf:3    | Found a runed translucent gate.
 66540 | Elf:3    | Identified the +2 cloak "Zyguil" {rF+ Int+2}
 67309 | Elf:3    | Got the Quarto of Concussion and the Gang
 67483 | Elf:3    | Identified the +3 mace of the Peculiar Heavens {heavy, rF++
                  | SInv}
 67503 | Elf:3    | Got Odetief's Almanac of Exhumation
 67510 | Elf:3    | Got Cigotuvi's Vellum of Weathered Wicked Mysteries
 67519 | Elf:3    | Got Sif Muna's Lectures on Cunning Alteration
 67939 | Depths:1 | Entered Level 1 of the Depths
 67958 | Depths:1 | Reached skill level 10 in Fighting
 68155 | D:15     | Lost mutation: You sometimes lose your temper in combat.
                  | [potion of mutation]
 68155 | D:15     | Lost mutation: You have a somewhat thin skeletal structure.
                  | (Dex +2, Stealth+) [potion of mutation]
 68155 | D:15     | Lost mutation: You are clumsy. (Dex -2) [potion of
                  | mutation]
 68155 | D:15     | Gained mutation: You are agile. (Dex +4, Str/Int -1)
                  | [potion of mutation]
 68778 | Depths:1 | Found a one-way gate leading to the halls of Pandemonium.
 68788 | Depths:1 | Reached XP level 22. HP: 99/174 MP: 20/41
 69152 | Depths:1 | Found a transporter.
 69489 | Depths:1 | Found a gateway to Hell.
 69623 | Depths:1 | Found a transporter.
 69627 | Depths:1 | Found a transporter.
 69676 | Depths:1 | Found a transporter.
 72397 | Depths:2 | Found a stormy altar of Qazlal.
 73521 | D:14     | You paid a toll of +2 shadow dragon scales to enter a
                  | treasure trove
 73522 | Trove    | Entered a treasure trove
 73552 | Trove    | Identified the orb "Ginuop" {light, rPois}
 73554 | Trove    | Identified the orb of the Volcano {*channel, Str+4}
 73581 | Trove    | Identified the ring of Circularity {Fly rElec rPois Str+3
                  | SInv}
 73583 | Trove    | Identified the ring "Omudut" {rN+ Str+3 Int+2 Dex+2}
 74275 | Depths:3 | Found a one-way gate to the infinite horrors of the Abyss.
 74818 | Depths:3 | Reached XP level 23. HP: 181/181 MP: 42/42
 75201 | Depths:3 | Found a shadowy altar of Dithmenos.
 75202 | Depths:3 | Found the +2 hood of the Assassin {Detect Stab+ Stlth++}
 75203 | Depths:3 | Found the +2 cloak of the Thief {*Fog Slay-2 SInv Stlth+}
 75338 | Depths:3 | Found a one-way gateway to a ziggurat.
 75539 | Depths:4 | Entered Level 4 of the Depths
 75544 | Depths:4 | Noticed a juggernaut
 75547 | Depths:4 | Killed a juggernaut
 75904 | Depths:4 | Found Zyew Rak's Antique Armour Shop.
 75904 | Depths:4 | Found Yguegh's Assorted Antiques.
 75928 | Depths:4 | Found Tiwevu's General Store.
 75928 | Depths:4 | Found Peschen's Jewellery Emporium.
 75928 | Depths:4 | Found Morhuts's General Store.
 75979 | Depths:4 | Bought a +1 pair of gloves for 207 gold pieces
 76246 | Depths:4 | Found Waudghel's Antique Armour Shoppe.
 76252 | Depths:4 | Bought a pair of runed gloves for 202 gold pieces
 76798 | Depths:4 | Found a gate to the Realm of Zot.
 78106 | Vaults:5 | Entered Level 5 of the Vaults
 78129 | Vaults:5 | Noticed an ancient lich
 78131 | Vaults:5 | Killed an ancient lich
 78380 | Vaults:5 | Noticed a dread lich
 78383 | Vaults:5 | Killed a dread lich
 78522 | Vaults:5 | Reached XP level 24. HP: 139/189 MP: 15/42
 78707 | Vaults:5 | Noticed an ancient lich
 78833 | Vaults:5 | Killed an ancient lich
 79192 | Vaults:5 | Reached skill level 10 in Staves
 79192 | Vaults:5 | Reached skill level 10 in Evocations
 79447 | Vaults:5 | Identified the +10 mace of Wonus {antimagic, rC+ Stlth+}
 80748 | Vaults:5 | Got a silver rune of Zot
 81052 | Vaults:5 | Identified the ring "Boclegitz" {rC+ Dex+6}
 82338 | Zot:1    | Entered Level 1 of the Realm of Zot
 84088 | Zot:1    | Identified the +4 sling of Annoyance {flame, rPois Will+
                  | Str-5}
 84324 | Zot:1    | You are sucked into a shaft and drop 1 floor!
 84353 | Zot:1    | Identified the +5 shortbow of the Exiled Curses {heavy,
                  | rC+}
 87567 | Zot:3    | Noticed an orb of fire
 87573 | Zot:3    | Gained mutation: You occasionally lose the ability to read
                  | scrolls when taking damage. [an orb of fire]
 87575 | Zot:3    | Killed an orb of fire
 87576 | Zot:3    | Reached XP level 25. HP: 172/202 MP: 12/42
 87602 | Zot:3    | Lost mutation: You are agile. (Dex +4, Str/Int -1) [potion
                  | of mutation]
 87602 | Zot:3    | Lost mutation: You occasionally lose the ability to read
                  | scrolls when taking damage. [potion of mutation]
 87602 | Zot:3    | Gained mutation: Your magical capacity is low. (-10% MP)
                  | [potion of mutation]
 87602 | Zot:3    | Gained mutation: You passively dampen the noise of your
                  | surroundings. [potion of mutation]
 87603 | Zot:3    | Lost mutation: Your magical capacity is low. (-10% MP)
                  | [potion of mutation]
 87603 | Zot:3    | Lost mutation: You passively dampen the noise of your
                  | surroundings. [potion of mutation]
 87603 | Zot:3    | Gained mutation: You are agile. (Dex +4, Str/Int -1)
                  | [potion of mutation]
 87603 | Zot:3    | Gained mutation: You have sharp toenails. [potion of
                  | mutation]
 87603 | Zot:3    | Gained mutation: Your body sometimes deteriorates upon
                  | taking damage. [potion of mutation]
 87948 | Zot:3    | Identified the +4 scale mail of Olaev {rPois Int+4}
 91097 | Depths:4 | Voluntarily entered the Abyss.
 91097 | Abyss:1  | Found a hazy altar of Hepliaklqana.
 91179 | Abyss:2  | Found a corrupted altar of Lugonu.
 91191 | Abyss:2  | Noticed a dread lich
 91197 | Abyss:2  | Killed a dread lich
 91417 | Abyss:3  | Found a corrupted altar of Lugonu.
 91418 | Abyss:3  | Found a corrupted altar of Lugonu.
 91448 | Abyss:3  | Found a corrupted altar of Lugonu.
 91565 | Depths:4 | Escaped the Abyss
 92254 | Depths:3 | Voluntarily entered the Abyss.
 92437 | Abyss:4  | Found a corrupted altar of Lugonu.
 92506 | Abyss:4  | Got an abyssal rune of Zot
 92509 | Abyss:4  | Reached skill level 15 in Fighting
 92511 | Depths:3 | Escaped the Abyss
 93311 | Zot:5    | Entered Level 5 of the Realm of Zot
 93458 | Zot:5    | Noticed an ancient lich
 93460 | Zot:5    | Killed an ancient lich
 93562 | Zot:5    | Noticed an orb of fire
 93693 | Zot:5    | Gained mutation: You occasionally shout uncontrollably at
                  | your foes. [an orb of fire]
 93696 | Zot:5    | Gained mutation: You are frail. (-10% HP) [an orb of fire]
 93697 | Zot:5    | Noticed a dread lich
 93702 | Zot:5    | Killed an orb of fire
 93843 | Zot:5    | Killed a dread lich
 93969 | Zot:5    | Noticed an ancient lich
 93972 | Zot:5    | Killed an ancient lich
 93982 | Zot:5    | Reached XP level 26. HP: 193/198 MP: 20/43
 94341 | Zot:5    | Noticed an ancient lich
 94344 | Zot:5    | Killed an ancient lich
 94449 | Zot:5    | Noticed an ancient lich
 94453 | Zot:5    | Killed an ancient lich
 94648 | Zot:5    | Noticed an ancient lich
 94653 | Zot:5    | Killed an ancient lich
 94780 | Zot:5    | Noticed an ancient lich
 94782 | Zot:5    | Killed an ancient lich
 95524 | Zot:5    | Noticed an ancient lich
 95524 | Zot:5    | Noticed a dread lich
 95683 | Zot:5    | Killed a dread lich
 95683 | Zot:5    | Noticed an ancient lich
 95684 | Zot:5    | Killed an ancient lich
 95684 | Zot:5    | Noticed an ancient lich
 95688 | Zot:5    | Noticed an orb of fire
 95869 | Zot:5    | Killed an ancient lich
 96155 | Zot:5    | Noticed a dread lich
 96158 | Zot:5    | Killed a dread lich
 96161 | Zot:5    | Killed an orb of fire
 96455 | Zot:5    | Killed an ancient lich
 97611 | Zot:5    | Got the Orb of Zot
 98199 | D:$      | Escaped with the Orb!

Illustrated notes

Levels and vault maps discovered:
D:1:      orjb1_clovarrival, layout_rooms
D:2:      layout_rooms, basic_altar
D:3:      layout_loops_ring, uniq_robin, uniq_ijyb, uniq_terence, uniq_natasha,
          uniq_jessica
D:4:      layout_layer_cave, serial_shops, nicolae_shop_waterfront,
          ebering_ghost_reflecting_pool
D:5:      layout_basic, serial_shops, nicolae_shop_window_shopping,
          nicolae_shop_tiny_real_fake_doors, nicolae_stop_n_shop_1, shop_statue
D:6:      layout_rooms, nicolae_overflows_in_rows, minmay_temple_entry_grid,
          nicolae_lava_and_water, chequers_arboretum
D:7:      layout_gridville
D:8:      layout_basic, enter_bailey_2, nicolae_blasting_shop
D:9:      layout_loops_ring
D:10:     layout_loops_ring, uniq_erica
D:11:     layout_basic, erik_lair_orcish_takeover, elyvilon_altar_4
D:12:     layout_basic, orc_0_dummy
D:13:     layout_roguey, wad_rectangle_vault
D:14:     layout_basic, david_vaults_2, enter_trove_3, wad_floor_pattern_2,
          minivault_7
D:15:     hangedman_slaughterboxes
Temple:   ebering_untended_altars
Lair:1:   layout_gridlike, gammafunk_ghost_ooze, ldierk_geyser, uniq_maggie,
          uniq_nergalle
Lair:2:   layout_hall_layers, nicolae_shoals_entry_roost
Lair:3:   gammafunk_indiana_jones, layout_cave_pods, dummy_spider_entry,
          serial_bayou_shore_b
Lair:4:   gammafunk_lair_enchanted_lake, layout_cave_pods, slime_entry_1,
          special_room [special_room_mythical_zoo], serial_rivers,
          chequers_serial_rivers_large_b, chequers_serial_rivers_room_a,
          chequers_serial_rivers_small_b, chequers_serial_rivers_micro_b,
          serial_bayou_shore_b
Lair:5:   grunt_lair_end_beastmaster, layout_cave_pods,
          ebering_ghost_funeral_grove, serial_bayou_pond_e
Shoals:1: layout_shoals, hangedman_shoal_volcano
Shoals:2: layout_shoals, uniq_roxanne
Shoals:3: layout_shoals, uniq_polyphemus, uniq_mlioglotl, uniq_ilsuiw
Shoals:4: shoals_end_simple, layout_shoals
Spider:1: nicolae_spider_hilbert_zone_4 [nicolae_spider_hilbert_4_sides_2_open,
          nicolae_spider_hilbert_4_sides_1_open,
          nicolae_spider_hilbert_4_sides_1_open,
          nicolae_spider_hilbert_4_sides_1_open,
          nicolae_spider_hilbert_4_sides_1_open,
          nicolae_spider_hilbert_2_sides_1_open,
          nicolae_spider_hilbert_2_sides_1_open,
          nicolae_spider_hilbert_2_sides_1_open,
          nicolae_spider_hilbert_2_sides_1_open,
          nicolae_spider_hilbert_6_sides_1_open,
          nicolae_spider_hilbert_6_sides_1_open,
          nicolae_spider_hilbert_3_sides_1_open,
          nicolae_spider_hilbert_3_sides_1_open], special_room,
          guppyfry_spider_mini_2, uniq_josephine
Spider:2: layout_spider_delve
Spider:3: layout_spider_delve, hellmonk_narrow_tunnel
Spider:4: johnstein_spider_rune_arachne_lair, uniq_arachne
Orc:1:    layout_caves, basic_altar, serial_shops,
          nicolae_shop_advertising_works [nicolae_subvault_shop_adworks],
          special_room [special_room_orc]
Orc:2:    st_orc_rangers, layout_caves, basic_altar, nicolae_specific_store,
          einodemon_armed_red_devil_minivault
Elf:1:    eino_elf_arrival_customs, layout_gridlike, minmay_elf_necromancy
Elf:2:    nicolae_elf_blades_splatter_lattice [nicolae_blade_lattice],
          layout_geoelf_octagon, minivault_15
Elf:3:    minmay_elf_hall_statues, layout_geoelf_octagon,
          ploomutoo_gammafunk_ghost_potion_laboratory, minmay_elf_sorcery
Vaults:1: v_rooms_3, nicolae_vaults_wine_cellar, v_misc_17, v_misc_29,
          vaults_dpeg_emergency_exit, nicolae_vaults_display_case,
          vaults_room_semicircle, nicolae_vaults_apartment_1,
          nicolae_vaults_storage_room_glass, vaults_mumra_hexcomb,
          nicolae_vaults_yaktaur_gun_rack, nicolae_vaults_little_squares_6,
          vaults_room_corners, nicolae_vaults_diamond_1, layout_vaults_ring
Vaults:2: ontoclasm_vaults_idyll, v_misc_4, nicolae_vaults_wrenched,
          vaults_mumra_chevron_long, vaults_room_fancy_cross,
          nicolae_vaults_double_plus_1, v_alt_pattern_5, ontoclasm_vaults_spin,
          nicolae_vaults_network_barrier, layout_vaults_omnicross
Vaults:3: nicolae_vaults_apartment_1, nicolae_vaults_more_shelving_2,
          minmay_crypt_entry_necro_gods, serial_library_hellmonk_narrow_alcove,
          hangedman_vaults_snaps, v_alt_pattern_1, vaults_room_fancy_cross,
          v_misc_4, nicolae_vaults_tetromino_L_1, layout_vaults_quadrants,
          uniq_saint_roka, uniq_mennas, uniq_asterion
Vaults:4: v_misc_18, dpeg_vaults_monster_box, nicolae_vaults_tangram_2,
          v_misc_4, ontoclasm_vaults_pinch, v_misc_32, door_vault, v_misc_1,
          vaults_room_stairs_pillars, v_rooms_6, vaults_room_hallway,
          nicolae_vaults_diamond_1, nicolae_vaults_tetromino_T_2,
          layout_vaults_omnibox, uniq_norris
Vaults:5: serial_shops
Depths:1: layout_basic, hell_entry, pan_entry, nicolae_diode_intersection
Depths:2: kennysheep_four_of_diamonds, layout_basic, grunt_hell_entry_dis_mu,
          pan_entry, grunt_qazlal_clouds
Depths:3: regret_index_dithmenos_brocken_genspenst, layout_cave_pools,
          enter_ziggurat_a, grunt_pan_entry_zigzag, serial_sigils,
          serial_sigils_hangedman_snap, serial_sigils_hangedman_etch,
          serial_sigils_hangedman_quiver, serial_sigils_hangedman_gnaw,
          serial_sigils_hangedman_scratch, pf_hell_entry_great_geh, abyss_entry
Depths:4: grunt_zot_entry_hairpin, layout_cave_pools, abyss_entry,
          minmay_misc_feat_ornament, serial_shops, nicolae_diamond_shop,
          grunt_hell_horde, nicolae_wooded_promenade, grunt_decor_clamped
Zot:1:    layout_basic, regret_index_zotdec_ex
Zot:2:    layout_twisted_circle, grunt_megastairs_2
Zot:3:    layout_gridville, amethyst_zot_foddershock
Zot:4:    lemuel_draconian_sentries, layout_basic
Zot:5:    layout_basic

Skill      XL: |  1  2  3  4  5  6  7  8  9 10 11 12 13 14 15 16 17 18 19 20 21 22 23 24 25 26 |
---------------+-------------------------------------------------------------------------------+-----
Conjurations   | 5 6 7 8 9 11 13 14 15 16 19 23 | 23.2
Dodging        | 3 5 8 10 11 13 15 16 17 18 21 23 | 23.5
Translocations | 1 3 5 |  5.0
Spellcasting   | 4 5 8 9 12 13 15 16 | 16.0
Stealth        | 5 |  5.0
Earth Magic    | 8 12 13 14 15 17 22 26 27 | 27.0
Shields        | 5 7 |  7.0
Fighting       | 2 5 10 11 15 | 15.0
Poison Magic   | 1 2 |  2.0
Ice Magic      | 5 |  5.0
Staves         | 1 6 9 12 | 12.0
Evocations     | 1 6 9 12 | 12.0

Action                     |  1- 3 |  4- 6 |  7- 9 | 10-12 | 13-15 | 16-18 | 19-21 | 22-24 | 25-27 || total
---------------------------+-------+-------+-------+-------+-------+-------+-------+-------+-------++-------
  Melee: Unarmed           |    11 |     9 |       |       |       |       |       |       |       ||    20
         Tailslap          |     1 |     1 |    17 |    13 |    30 |    15 |    13 |    22 |    47 ||   159
         Dagger            |       |     7 |    52 |       |       |       |       |       |       ||    59
         Trident           |       |       |   101 |   128 |   161 |    20 |       |       |       ||   410
         Punch             |       |       |     1 |       |       |       |       |       |       ||     1
         Staff             |       |       |       |       |       |    34 |    41 |   110 |   172 ||   357
  Throw: Dart              |       |       |    26 |    44 |    22 |       |       |       |       ||    92
   Cast: Magic Dart        |    68 |    61 |   124 |   184 |   221 |   581 |   251 |    56 |       ||  1546
         Searing Ray       |       |    16 |    20 |    77 |    13 |       |       |       |       ||   126
         Iskenderun's Myst |       |       |    20 |    91 |   150 |    64 |    50 |    34 |    10 ||   419
         Lee's Rapid Decon |       |       |       |     8 |    16 |    26 |     4 |    16 |       ||    70
         Mephitic Cloud    |       |       |       |    15 |    31 |    31 |     7 |     5 |       ||    89
         Iskenderun's Batt |       |       |       |    13 |    54 |   139 |    80 |    22 |     7 ||   315
         Bombard           |       |       |       |       |   185 |   189 |    94 |   174 |    89 ||   731
         Orb of Destructio |       |       |       |       |     4 |    95 |    31 |    89 |    36 ||   255
         Freezing Cloud    |       |       |       |       |       |    58 |     9 |     1 |     6 ||    74
         Shatter           |       |       |       |       |       |       |   191 |   253 |   156 ||   600
  Evoke: Wand              |       |       |    12 |    14 |       |     9 |     7 |     2 |     1 ||    45
         Lightning rod     |       |       |       |       |     6 |    11 |     8 |       |       ||    25
    Use: Scroll            |     1 |       |    12 |     6 |    11 |    11 |     6 |    10 |     4 ||    61
         Potion            |       |     2 |       |       |     2 |     1 |     5 |     5 |     4 ||    19
   Stab: Sleeping          |       |     1 |     1 |       |     3 |       |     1 |       |       ||     6
         Paralysed         |       |       |       |     6 |       |       |     6 |       |       ||    12
         Confused          |       |       |       |     2 |     1 |     1 |     1 |       |       ||     5
 Armour: Skin              |    22 |    20 |   194 |   281 |   380 |   394 |   168 |   215 |   146 ||  1820
  Dodge: Dodged            |    26 |    24 |   224 |   236 |   388 |   353 |   137 |   344 |   264 ||  1996
  Block: Buckler           |       |       |       |    31 |   153 |   229 |    98 |   171 |    59 ||   741
         Reflection        |       |       |       |       |       |    31 |    24 |     7 |     1 ||    63

Table legend: (Time is in decaauts)
 A = Elapsed time spent in this place.
 B = Non-inter-level travel time spent in this place.
 C = Inter-level travel time spent in this place.
 D = Time resting spent in this place.
 E = Time spent auto-exploring this place.
 F = Levels seen in this place.
 G = Mean time per level.
                   A        B        C        D        E       F      G
               +--------+--------+--------+--------+--------+-----+--------+
         Total |  98583 |  88445 |  10138 |  26374 |  46747 |  55 | 1792.4 |
       Dungeon |  23671 |  19215 |   4456 |   4004 |  11572 |  15 | 1578.1 |
        Temple |      1 |      1 |      0 |      0 |      0 |   1 |    1.0 |
          Lair |  10241 |   8924 |   1317 |   1032 |   6091 |   5 | 2048.2 |
        Shoals |   8445 |   7925 |    520 |   2767 |   3916 |   4 | 2111.2 |
   Spider Nest |   7832 |   7423 |    409 |   2132 |   4152 |   4 | 1958.0 |
  Orcish Mines |   3976 |   3475 |    501 |    547 |   2352 |   2 | 1988.0 |
   Elven Halls |   5420 |   5068 |    352 |   1223 |   2935 |   3 | 1806.7 |
        Vaults |  15228 |  14036 |   1192 |   5498 |   6346 |   5 | 3045.6 |
        Depths |   9784 |   8960 |    824 |   4024 |   3749 |   4 | 2446.0 |
           Zot |  11851 |  11288 |    563 |   4794 |   4905 |   5 | 2370.2 |
         Abyss |    683 |    683 |      0 |      2 |    174 |   5 |  136.6 |
         Trove |     86 |     86 |      0 |      0 |     29 |   1 |   86.0 |
        Bailey |   1357 |   1357 |      0 |    351 |    526 |   1 | 1357.0 |
               +--------+--------+--------+--------+--------+-----+--------+

Top non-repeatable levels by time:
    D:15: 4998 daAuts
Vaults:4: 4581 daAuts
   Zot:4: 3908 daAuts
Vaults:3: 3097 daAuts
Depths:2: 3028 daAuts
Vaults:2: 2983 daAuts
   Zot:3: 2950 daAuts
   Orc:1: 2834 daAuts
Depths:4: 2727 daAuts
  Lair:4: 2699 daAuts
Spider:4: 2593 daAuts
Shoals:3: 2592 daAuts
Vaults:1: 2551 daAuts
Spider:1: 2540 daAuts
    D:10: 2275 daAuts
